 Dungeon Crawl Stone Soup version 0.29.1-1-gd02db6906a (webtiles) character file.

Game seed: 13267608854687634448

387 EvilAshe the Slasher (level 7, 0/52 HPs)
             Began as a Human Fighter on Sept 19, 2022.
             Slain by a black bear (1 damage)
             ... on level 5 of the Dungeon.
             The game lasted 00:08:41 (4303 turns).

EvilAshe the Slasher (Human Fighter)                Turns: 4303, Time: 00:08:41

Health: 0/52       AC: 10    Str: 18    XL:     7   Next: 6%
Magic:  7/7        EV:  6    Int:  9    God:
Gold:   129        SH:  5    Dex: 18    Spells: 6/6 levels left

rFire   . . .      SeeInvis .   t - +0 scimitar
rCold   . . .      Faith    .   c - +0 buckler
rNeg    . . .      Spirit   .   u - +0 chain mail
rPois   .          Reflect  .   (no helmet)
rElec   .          Harm     .   (no cloak)
rCorr   .          Rampage  .   v - +0 pair of gloves
Will    .....                   (no boots)
Stlth   ..........              (no amulet)
HPRegen 0.17/turn               q - +6 ring of dexterity
MPRegen 0.10/turn               (no ring)

@: no status effects
A: no striking features
a: no special abilities


You were on level 5 of the Dungeon.
You visited 1 branch of the dungeon, and saw 8 of its levels.

You collected 165 gold pieces.
You spent 36 gold pieces at shops.

Inventory:

Hand Weapons
 a - a +0 long sword
 t - a +0 scimitar (weapon)
Missiles
 d - a throwing net
 i - 42 stones (quivered)
Armour
 b - a +0 scale mail
 c - a +0 buckler (worn)
 u - a +0 chain mail (worn)
 v - a +0 pair of gloves (worn)
Jewellery
 q - a +6 ring of dexterity (left hand)
Scrolls
 e - 3 scrolls of vulnerability {unknown}
 h - a scroll of teleportation {unknown}
 k - a scroll of silence {unknown}
 l - a scroll of blinking {unknown}
 m - 2 scrolls of identify {unknown}
 n - 2 scrolls of fear {unknown}
 p - a scroll of enchant armour {unknown}
 r - a scroll of noise {unknown}
Potions
 f - a potion of flight {unknown}
 g - 2 potions of brilliance {unknown}
 j - a potion of lignification {unknown}
 o - a potion of berserk rage
 s - 2 potions of curing
 w - a potion of attraction {unknown}


   Skills:
 - Level 3.0 Fighting
 * Level 7.0 Long Blades
 - Level 3.0 Armour
 - Level 3.0 Shields


You had 6 spell levels left.
You didn't know any spells.
Your spell library contained the following spells:

 Spells                   Type           Power      Damage    Failure   Level
 Scorch                   Fire           0%         2d5       100%        2
 Flame Wave               Conj/Fire      0%         2d4       100%        4
 Summon Cactus Giant      Summ           0%         N/A       100%        6


Dungeon Overview and Level Annotations

Branches:
Dungeon (8/15)
 Temple: D:4-7         Lair: D:8-11

Altars:
Ru
Uskayaw
Vehumet
Xom

Shops:
D:1 [   D:6 !

Annotations:
D:3 Grinder


Message History

The black bear is severely wounded.
The black bear goes berserk!
You hit the black bear but do no damage.
The black bear is severely wounded.
You block the black bear's attack. The black bear claws you.
You block the black bear's attack. The black bear bites you!
The black bear claws you. x2
You hit the black bear but do no damage.
The black bear is severely wounded.
The black bear bites you but does no damage.
The black bear claws you but does no damage.
The black bear claws you.
You hit the black bear.
The black bear is almost dead.
The black bear bites you but does no damage.
The black bear claws you but does no damage. x2
You block the black bear's attack.
The black bear claws you but does no damage. x2
You hit the black bear.
The black bear is almost dead.
You block the black bear's attack. The black bear claws you. x2
The black bear bites you.
* * * LOW HITPOINT WARNING * * *
The black bear claws you.
* * * LOW HITPOINT WARNING * * *
The black bear barely misses you.
You hit the black bear.
The black bear is almost dead.
The black bear bites you.
* * * LOW HITPOINT WARNING * * *
The black bear claws you.
* * * LOW HITPOINT WARNING * * *
The black bear claws you but does no damage.
You hit the black bear but do no damage.
The black bear is almost dead.
You block the black bear's attack. The black bear claws you.
* * * LOW HITPOINT WARNING * * *
You block the black bear's attack. The black bear barely misses you.
The black bear closely misses you. The black bear claws you.
You die...

#### #.. #.#
###.######.#
........h@.# #
.......###.####....
#.#.#.. #.<....# ..
#..#.....#### #
..h#.#.#.#
##..#.#.#.# ...#
#.#.# ..# ....#
#.###


You could see a black bear (berserk).

Vanquished Creatures
  A sky beast (D:7)
  A bullfrog (D:7)
  A hound (D:7)
  An iguana (D:7)
  An orc wizard (D:7)
  3 adders
  5 gnolls (D:7)
  An ufetubus (D:5)
  A worm (D:3)
  3 dart slugs
  2 orcs (D:7)
  2 bats
  9 endoplasms
  4 giant cockroaches
  7 goblins
  5 hobgoblins
  5 quokkas
  7 ball pythons
  2 frilled lizards (D:1)
  5 kobolds
  6 rats
72 creatures vanquished.

Notes
Turn   | Place    | Note
-------+----------+-------------------------------------------
     0 | D:1      | EvilAshe the Human Fighter began the quest for the Orb.
     0 | D:1      | Reached XP level 1. HP: 18/18 MP: 1/1
   233 | D:1      | Found Caohic Voiph's Armour Emporium.
   252 | D:1      | Reached XP level 2. HP: 24/24 MP: 2/2
   334 | D:1      | Reached skill level 3 in Long Blades
   560 | D:1      | Reached XP level 3. HP: 28/29 MP: 3/3
   793 | D:2      | Found a faded altar of an unknown god.
  1316 | D:2      | Reached skill level 4 in Long Blades
  1316 | D:2      | Reached XP level 4. HP: 32/35 MP: 4/4
  1322 | D:3      | Noticed Grinder
  2861 | D:3      | You fall into a shaft and drop 3 floors!
  2935 | D:6      | Found Ysisi's Distillery.
  2943 | D:6      | Bought a potion of curing for 36 gold pieces
  2950 | D:6      | Noticed a black bear
  2975 | D:7      | Reached skill level 5 in Long Blades
  2975 | D:7      | Reached XP level 5. HP: 41/41 MP: 5/5
  2987 | D:7      | Noticed a bullfrog
  3020 | D:7      | Reached XP level 6. HP: 11/47 MP: 6/6
  3296 | D:7      | Reached skill level 6 in Long Blades
  3324 | D:7      | Noticed a sky beast
  3343 | D:7      | Killed a sky beast
  3599 | D:7      | Reached XP level 7. HP: 44/52 MP: 7/7
  3612 | D:7      | Reached skill level 7 in Long Blades
  3660 | D:8      | Noticed a water moccasin
  3731 | D:7      | Found a radiant altar of Vehumet.
  3732 | D:7      | Found a shimmering altar of Xom.
  3761 | D:5      | Entered Level 5 of the Dungeon
  3831 | D:3      | Found a sacrificial altar of Ru.
  3831 | D:3      | Found a hide-covered altar of Uskayaw.
  4302 | D:5      | HP: 2/52 [black bear (4)]
  4303 | D:5      | Slain by a black bear

Illustrated notes

Levels and vault maps discovered:
D:1:      minmay_arrival_three_doors, layout_basic, serial_shops,
          nicolae_shop_advertising_works [nicolae_subvault_shop_adworks],
          dreamdust_mushroom_princess, minivault_23, minmay_bisected
D:2:      layout_basic, basic_ecumenical_altar, minmay_domino_2
D:3:      layout_loops_corners, nicolae_overflow_hidden_temple, uniq_grinder
D:4:      layout_cave_pods, kennysheep_vampire_church,
          nicolae_tso_swordbearing_angel, serial_bayou_crossing
D:5:      layout_loops_cross, overflow_temple_1_default,
          minmay_temple_entry_statues_pillars, st_stairs_14,
          kennysheep_cross_room
D:6:      layout_loops_ring, grunt_qazlal_clouds, serial_shops, shop,
          minivault_22, hangedman_decor_points, kennysheep_windowed_goal,
          uniq_sigmund, uniq_crazy_yiuf_cottage, uniq_pikel, uniq_prince_ribbit1
D:7:      layout_loops_ring, gammafunk_temple_overflow_statue,
          nicolae_concentric_dashed_squares_mild
D:8:      layout_basic, riverfiend_overflow_shadow_ancestor,
          mainiacjoe_overflow_boulevard, elyvilon_altar_3

Skill      XL: |  1  2  3  4  5  6  7 |
---------------+----------------------+-----
Long Blades    | 3 4 5 6 7 |  7.0
Fighting       | |  3.0
Armour         | |  3.0
Shields        | |  3.0

Action                   |  1- 3 |  4- 6 |  7- 9 || total
-------------------------+-------+-------+-------++-------
Melee: Long sword        |    93 |    98 |       ||   191
       Scimitar          |       |    29 |    27 ||    56
Throw: Stone             |     1 |       |     2 ||     3
  Use: Potion            |       |     2 |       ||     2
Armor: Scale mail        |    24 |    35 |       ||    59
       Chain mail        |       |       |    78 ||    78
Dodge: Dodged            |    37 |    38 |    41 ||   116
Block: Buckler           |    16 |    34 |    40 ||    90
